 Dungeon Crawl Stone Soup version 0.29-a0-284-gf9362112df (webtiles) character file.

Game seed: 1071129276389332057

84 being54 the Sneak (level 4, 0/21 HPs)
             Began as a Spriggan Enchanter on Mar 23, 2022.
             Slain by a crimson imp (1 damage)
             ... summoned by Natasha
             ... on level 2 of the Dungeon.
             The game lasted 00:04:03 (2191 turns).

being54 the Sneak (Spriggan Enchanter)              Turns: 2191, Time: 00:04:03

Health: 0/21       AC:  3    Str:  4    XL:     4   Next: 23%
Magic:  1/9        EV: 18    Int: 16    God:
Gold:   65         SH:  0    Dex: 17    Spells: 6/8 levels left

rFire   . . .      SeeInvis +   a - +2 dagger
rCold   . . .      Faith    .   (no shield)
rNeg    . . .      Spirit   .   b - +1 robe
rPois   .          Reflect  .   (helmet restricted)
rElec   .          Harm     .   (no cloak)
rCorr   .          Rampage  .   (gloves unavailable)
Will    .....                   (boots unavailable)
Stlth   ++++......              (no amulet)
HPRegen 0.07/turn               (no ring)
MPRegen 0.11/turn               (no ring)

@: very quick
A: very small, no large weapons, unfitting armour, see invisible, speed 3
a: no special abilities


You were on level 2 of the Dungeon.
You visited 1 branch of the dungeon, and saw 2 of its levels.

You collected 65 gold pieces.

Inventory:

Hand Weapons
 a - a +2 dagger (weapon)
Armour
 b - a +1 robe (worn)
Scrolls
 d - a scroll of vulnerability {unknown}
Potions
 c - a potion of invisibility
 e - 2 potions of berserk rage {unknown}
 f - 2 potions of attraction {unknown}
 g - a potion of ambrosia {unknown}


   Skills:
 - Level 1.1 Short Blades
 + Level 4.1 Dodging
 * Level 6.9 Stealth
 - Level 2.6 Spellcasting
 - Level 3.6 Hexes


You had 6 spell levels left.
You knew the following spells:

 Your Spells              Type           Power      Damage    Failure   Level
a - Ensorcelled Hibernat  Hex/Ice        14%        N/A       14%         2

Your spell library contained the following spells:

 Spells                   Type           Power      Damage    Failure   Level
 Confusing Touch          Hex            13%        N/A       13%         3
 Tukima's Dance           Hex            13%        N/A       13%         3
 Dazzling Flash           Conj/Hex       14%        N/A       28%         3


Dungeon Overview and Level Annotations

Branches:
Dungeon (2/15)

Altars:

Annotations:
D:2 Natasha


Innate Abilities, Weirdness & Mutations

You are very small and have problems with some larger weapons.
You are too small for most types of armour.
You have supernaturally acute eyesight. (SInv)
You cover ground extremely quickly. (Speed+++)


Message History

The magic dart hits you.
You hit Natasha.
Natasha is heavily wounded.
Natasha casts a spell at you. The magic dart hits you.
Casting: Ensorcelled Hibernation (safe; 14% risk of failure)
Confirm with . or Enter, or press ? or * to list all spells.
Aiming: Ensorcelled Hibernation (safe; 14% risk of failure)
Press: ? - help, Shift-Dir - straight line, f/p - Natasha
Aim: Natasha (heavily wounded, chance to affect: 40%) Natasha resists with some effort.
Natasha misses you.
You closely miss Natasha.
Natasha is heavily wounded.
Natasha closely misses you. The crimson imp barely misses you.
You barely miss Natasha.
Natasha is heavily wounded.
You hit Natasha.
Natasha is heavily wounded.
The crimson imp completely misses you. Natasha claws you!
* * * LOW HITPOINT WARNING * * *
You hit Natasha.
Natasha is severely wounded.
The crimson imp blinks!
Natasha claws you but does no damage.
You hit Natasha but do no damage.
Natasha is severely wounded.
The crimson imp blinks!
Natasha misses you.
You hit Natasha but do no damage.
Natasha is severely wounded.
Natasha barely misses you.
You hit Natasha.
Natasha is severely wounded.
The crimson imp completely misses you. Natasha completely misses you.
You closely miss Natasha.
Natasha is severely wounded.
The crimson imp misses you. Natasha claws you.
* * * LOW HITPOINT WARNING * * *
You barely miss Natasha.
Natasha is severely wounded.
The crimson imp hits you.
You die...

#.#.# #..#
#.#†# #.># #
#.#.# #### #.
##.#.#
#.###..#.#
#......!.##
#.#.#...).#
#####...#...#.#
......h@5...#.#
#########.###$#
.... .#
##.##### #.#
#.# #.# S#


You could see Natasha and a crimson imp (summoned).

Vanquished Creatures
  Natasha (D:2)
  3 dart slugs
  7 ball pythons
  6 endoplasms
  A giant cockroach (D:1)
  10 goblins
  3 hobgoblins
  2 jackals (D:2)
  3 kobolds
  2 quokkas (D:1)
  6 bats
  A frilled lizard (D:1)
  4 rats
49 creatures vanquished.

Vanquished Creatures (others)
  A plant (D:1)
1 creature vanquished.

Grand Total: 50 creatures vanquished

Notes
Turn   | Place    | Note
-------+----------+-------------------------------------------
     0 | D:1      | being54 the Spriggan Enchanter began the quest for the Orb.
     0 | D:1      | Reached XP level 1. HP: 9/9 MP: 5/5
   184 | D:1      | Reached skill level 5 in Stealth
   192 | D:1      | Reached XP level 2. HP: 8/13 MP: 6/6
   195 | D:1      | Learned a level 2 spell: Ensorcelled Hibernation
   423 | D:1      | Found a faded altar of an unknown god.
   765 | D:1      | Reached XP level 3. HP: 16/16 MP: 8/8
   848 | D:1      | Reached skill level 6 in Stealth
  1540 | D:2      | Noticed Natasha
  2110 | D:2      | Killed Natasha
  2111 | D:2      | Reached XP level 4. HP: 21/21 MP: 6/9
  2170 | D:2      | Noticed Natasha
  2190 | D:2      | HP: 1/21 [Natasha (3)]
  2191 | D:2      | Slain by a crimson imp

Illustrated notes

Levels and vault maps discovered:
D:1:      lemuel_arrival_muddy, layout_rooms,
          shapermc_ecumenical_altar_mp_ritualfount, st_stairs_13,
          chequers_garden
D:2:      layout_basic, uniq_natasha

Skill      XL: |  1  2  3 |
---------------+----------+-----
Dodging        | 3 4 |  4.1
Stealth        | 5 6 |  6.9
Short Blades   | |  1.1
Spellcasting   | |  2.6
Hexes          | |  3.6

Action                   |  1- 3 |  4- 6 || total
-------------------------+-------+-------++-------
Melee: Dagger            |   138 |    24 ||   162
       Punch             |     1 |       ||     1
 Cast: Ensorcelled Hiber |    11 |     5 ||    16
  Use: Scroll            |     3 |       ||     3
       Potion            |     1 |       ||     1
 Stab: Sleeping          |    15 |     1 ||    16
Armor: Robe              |    23 |     3 ||    26
Dodge: Dodged            |    86 |    16 ||   102

Table legend: (Time is in decaauts)
 A = Elapsed time spent in this place.
 B = Non-inter-level travel time spent in this place.
 C = Inter-level travel time spent in this place.
 D = Time resting spent in this place.
 E = Time spent auto-exploring this place.
 F = Levels seen in this place.
 G = Mean time per level.
                   A        B        C        D        E       F      G
               +--------+--------+--------+--------+--------+-----+--------+
         Total |   1800 |   1774 |     26 |    527 |    922 |   2 |  900.0 |
       Dungeon |   1800 |   1774 |     26 |    527 |    922 |   2 |  900.0 |
               +--------+--------+--------+--------+--------+-----+--------+

Top non-repeatable levels by time:
     D:1: 989 daAuts
     D:2: 810 daAuts
